 Dungeon Crawl Stone Soup version 0.28.0-53-g5a82cb258f (webtiles) character file.

Game seed: 18304473741563020145

223 fuccboisucc420 the Cudgeller (level 5, -4/61 HPs)
             Began as a Demonspawn Abyssal Knight on July 19, 2022.
             Was a Believer of Lugonu.
             Slain by an ogre
             ... wielding a +0 giant club
              (7 damage)
             ... on level 4 of the Dungeon.
             The game lasted 00:10:14 (3280 turns).

fuccboisucc420 the Cudgeller (DsAK)                 Turns: 3280, Time: 00:10:15

Health: -4/61      AC: 22    Str: 16    XL:     5   Next: 66%
Magic:  6/7        EV:  2    Int: 11    God:    Lugonu [**....]
Gold:   151        SH:  0    Dex: 13    Spells: 4/4 levels left

rFire   + . .      SeeInvis .   a - +1 mace
rCold   + . .      Faith    .   (no shield)
rNeg    . . .      Spirit   .   (armour currently unavailable)
rPois   +          Reflect  .   (helmet currently unavailable)
rElec   +          Harm     .   (cloak currently unavailable)
rCorr   +          Rampage  .   (gloves currently unavailable)
Will    .....      NoTele   +   (boots currently unavailable)
Stlth   +.........              (no amulet)
HPRegen 0.20/turn               f - ring of flight
MPRegen 0.10/turn               (no ring)

@: brilliant, tree-form, resistant
A: stationary, stasis, torment immunity, boosted hp, (antennae 1), foul stench
1, (sanguine armour 1)
a: Renounce Religion, Depart the Abyss, Bend Space


You were on level 4 of the Dungeon.
You worshipped Lugonu.
Lugonu was pleased with you.
You were a tree.
You visited 1 branch of the dungeon, and saw 4 of its levels.
You visited the Abyss 1 time.

You collected 151 gold pieces.

Inventory:

Hand Weapons
 a - a +1 mace (weapon)
 k - a +0 spectral quarterstaff
Missiles
 l - 2 stones (quivered)
Armour
 b - a +0 plate armour (melded)
Jewellery
 f - a ring of flight (left branch)
Wands
 g - a wand of iceblast (7)
Scrolls
 c - 4 scrolls of teleportation
 d - a scroll of fog {unknown}
 h - a scroll of identify {unknown}
Potions
 e - a potion of brilliance
 m - a potion of heal wounds {unknown}
 n - a potion of mutation {unknown}


   Skills:
 - Level 3.0 Fighting
 * Level 4.7 Maces & Flails
 * Level 3.1 Armour
 - Level 0.8 Dodging
 + Level 2.6 Invocations


You had 4 spell levels left.
You didn't know any spells.
Your spell library contained the following spells:

 Spells                   Type           Power      Damage    Failure   Level
 Freezing Cloud           Conj/Ice/Air   0%         6-21      100%        5
 Simulacrum               Ice/Necr       0%         N/A       100%        6
 Polar Vortex             Ice            0%         N/A       100%        9


Dungeon Overview and Level Annotations

Branches:
Dungeon (4/15)
 Temple: D:4-7

Altars:
Trog
Lugonu

Shops:
D:4 :

Portals:
Abyss: D:3


Innate Abilities, Weirdness & Mutations

You are a tree.
Your roots penetrate the ground, keeping you stationary.
You cannot be teleported.
You are immune to unholy pain and torment.
Your maximum health is greatly increased.
Your equipment is partially melded.
((You have a pair of small antennae on your head.))
You may rarely emit foul miasma when damaged in melee.
((When seriously injured, your blood forms armour. (AC +0)))


Message History

Your +0 plate armour melds into your body.
Your roots penetrate the ground.
Your blood armour dries and flakes away.
The hound bites you but does no damage.
It was a potion of resistance.
You feel protected.
The hound bites you but does no damage. x2
You miss the hound.
The hound is severely wounded.
The hound bites you but does no damage.
You closely miss the hound.
The hound is severely wounded.
The hound bites you.
* * * LOW HITPOINT WARNING * * *
The hound bites you but does no damage.
You hit the hound.
You kill the hound!
Lugonu accepts your kill.
The quokka bites you but does no damage.
You hit the quokka.
The quokka is moderately wounded.
The quokka bites you but does no damage.
You closely miss the quokka.
The quokka is moderately wounded.
The quokka barely misses you.
You thump the quokka!
You kill the quokka!
Lugonu accepts your kill.
You hit the ogre.
The ogre is lightly wounded.
The ogre hits you with a +0 giant club.
* * * LOW HITPOINT WARNING * * *
You barely miss the ogre.
The ogre is lightly wounded.
The ogre hits you with a +0 giant club.
* * * LOW HITPOINT WARNING * * *
You hit the ogre. You punch the ogre.
The ogre is lightly wounded.
The ogre hits you with a +0 giant club!
You die...

##...#.....###.#............
.##.........................
....#.########..............
.........# #................
.......... .#.#...?........
.......... # #............
.......... #............
.......... #O####.##....
........). #♣# .# ##..
.......... #.# .# ..
.......... #.# .# ..........
#.# ...^..#... ...
###.#.#### #.. ..... #..
...... .... ......


You could see an ogre.

Vanquished Creatures
  3 hounds (D:4)
  Natasha (D:4)
  A gnoll (D:1)
  2 adders
  2 worms
  2 dart slugs (D:2)
  9 ball pythons
  9 endoplasms
  A giant cockroach (D:1)
  7 goblins
  6 hobgoblins
  5 quokkas
  7 bats
  2 frilled lizards (D:1)
  6 kobolds
  6 rats
69 creatures vanquished.

Vanquished Creatures (others)
  3 lurking horrors (D:3)
3 creatures vanquished.

Grand Total: 72 creatures vanquished

Notes
Turn   | Place    | Note
-------+----------+-------------------------------------------
     0 | Abyss:1  | fuccboisucc420 the Demonspawn Abyssal Knight began the
                  | quest for the Orb.
     0 | Abyss:1  | Reached XP level 1. HP: 18/18 MP: 2/2
     3 | D:1      | Escaped the Abyss
    97 | D:1      | Reached skill level 2 in Maces & Flails
   388 | D:1      | Gained mutation: When seriously injured, your blood forms
                  | armour. (AC +0) [demonic ancestry]
   388 | D:1      | Reached XP level 2. HP: 18/24 MP: 3/3
   389 | D:1      | Reached * piety under Lugonu
   749 | D:1      | Gained mutation: You may rarely emit foul miasma when
                  | damaged in melee. [demonic ancestry]
   749 | D:1      | Reached XP level 3. HP: 27/29 MP: 4/4
  1316 | D:2      | Found a bloodstained altar of Trog.
  1422 | D:2      | Reached skill level 3 in Maces & Flails
  2006 | D:2      | Gained mutation: You have a pair of small antennae on your
                  | head. [demonic ancestry]
  2006 | D:2      | Reached XP level 4. HP: 32/35 MP: 5/5
  2204 | D:4      | Noticed Natasha
  2357 | D:3      | Reached ** piety under Lugonu
  2386 | D:3      | Found a corrupted altar of Lugonu.
  2386 | D:3      | Found a one-way gate to the infinite horrors of the Abyss.
  2515 | D:3      | Identified the +0 leather armour of Gashomm {Will+ Str+5
                  | Dex-4}
  2916 | D:4      | Found Keyvvao's Book Shop.
  3184 | D:4      | Reached skill level 4 in Maces & Flails
  3198 | D:4      | Reached XP level 5. HP: 33/41 MP: 6/6
  3210 | D:4      | Killed Natasha
  3236 | D:4      | Noticed an ogre
  3279 | D:4      | HP: 3/61 [ogre/+0 giant club (6)]
  3280 | D:4      | Slain by an ogre

Illustrated notes

Levels and vault maps discovered:
D:1:      dpeg_arrival_rooms_c, layout_rooms, minivault_4
D:2:      layout_loops_ring, basic_altar, chequers_serial_rivers_micro_c,
          minmay_between
D:3:      layout_rooms, amcnicky_altar_lugonu_corruption
D:4:      layout_rooms, minmay_temple_entry_glassed_door, nicolae_stop_n_shop_2,
          uniq_natasha

Skill      XL: |  1  2  3  4  5 |
---------------+----------------+-----
Maces & Flails | 2 3 4 |  4.7
Armour         | 2 3 |  3.1
Fighting       | |  3.0
Dodging        | |  0.8
Invocations    | |  2.6

Action                   |  1- 3 |  4- 6 || total
-------------------------+-------+-------++-------
Melee: Mace              |   109 |   102 ||   211
       Punch             |     3 |     2 ||     5
Invok: Depart the Abyss  |     1 |       ||     1
       Bend Space        |       |     2 ||     2
  Use: Scroll            |     1 |       ||     1
       Potion            |       |     3 ||     3
 Stab: Sleeping          |     1 |       ||     1
Armor: Leather armour    |    50 |     9 ||    59
       Plate armour      |       |    58 ||    58
       Skin              |       |     7 ||     7
Dodge: Dodged            |   107 |    34 ||   141
